 Dungeon Crawl Stone Soup version 0.25-a0-737-g26c3a87 (webtiles) character file.

Game seed: 7164068097184146198, levelgen mode: deterministic

6 Anno the Sneak (level 1, -2/10 HPs)
             Began as a Spriggan Assassin on Apr 12, 2020.
             Slain by a jackal (3 damage)
             ... on level 1 of the Dungeon.
             The game lasted 00:02:21 (262 turns).

Anno the Sneak (Spriggan Assassin)                   Turns: 262, Time: 00:02:21

Health: -2/10      AC:  3    Str:  7    XL:     1   Next: 75%
Magic:  2/2        EV: 17    Int: 12    God:
Gold:   28         SH:  0    Dex: 17    Spells: 0/0 levels left

rFire    . . .     SeeInvis +   a - +2 dagger
rCold    . . .     Gourm    .   (shield restricted)
rNeg     . . .     Faith    .   b - +0 robe
rPois    .         Spirit   .   (helmet restricted)
rElec    .         Reflect  .   c - +0 cloak
rCorr    .         Harm     .   (gloves unavailable)
MR       .....                  (boots unavailable)
Stlth    +++.......             (no amulet)
HPRegen  0.03/turn              (no ring)
MPRegen  0.08/turn              (no ring)

@: very quick
A: very small, unfitting armour, see invisible, herbivore, speed 3, slow
metabolism 2
a: no special abilities


You were on level 1 of the Dungeon.
You were not hungry.

You visited 1 branch of the dungeon, and saw 1 of its levels.

You collected 28 gold pieces.

Inventory:

Hand Weapons
 a - a +2 dagger (weapon)
Missiles
 d - 5 poisoned darts (quivered)
 e - 2 curare-tipped darts
Armour
 b - a +0 robe (worn)
 c - a +0 cloak (worn)
Scrolls
 g - 2 scrolls of teleportation {unknown}
Potions
 h - a potion of stabbing {unknown}
Comestibles
 f - a ration


   Skills:
 - Level 1.5 Fighting
 * Level 2.5 Short Blades
 * Level 2.3 Throwing
 - Level 1.5 Dodging
 - Level 5.8 Stealth


You couldn't memorise any spells.
You didn't know any spells.
Your spell library was empty.

Dungeon Overview and Level Annotations

Branches:
Dungeon (1/15)

Altars:


Innate Abilities, Weirdness & Mutations

You are very small and have problems with some larger weapons.
You are too small for most types of armour.
You have supernaturally acute eyesight. (SInv)
You are a herbivore.
You cover ground extremely quickly.
You need to consume almost no food.


Message History

The jackal barks!
A jackal comes into view.
A jackal comes into view.
You see here a poisoned dart.
d - 5 poisoned darts (gained 1)
The jackal barks!
Items here: (( ) = † a +0 dagger; a stone an uncursed ring of protection from cold a poisoned dart; a kobold corpse
Things that are here:
a +0 short sword; a kobold corpse You see here a stone.
The jackal bites you.
You closely miss the jackal. The jackal bites you.
* * * LOW HITPOINT WARNING * * *
You hit the jackal but do no damage. The jackal bites you.
* * * LOW HITPOINT WARNING * * *
The jackal bites you.
You die...

... #.#..####...............
.... #.#.........P #P.....P#
....#####[#...##...P##≈##P...P##
...............#....≈≈≈≈≈..<..≈≈
#..............#(..P##≈##P...P##
.......)............P#≈#P.....P#
....###......#. #..............
..#####......#####...#####..###.
...........(...@hh)..(.(........
.............########...#h...#.h
................#####...#....#..
..........###................#..
..........# #............h...#..
.########.# #................##.
#.# ###..............##. #.#
##..............##. #.#
#...............##.


You could see 2 jackals.

Vanquished Creatures
  2 hobgoblins (D:1)
  2 kobolds (D:1)
  A frilled lizard (D:1)
5 creatures vanquished.

Notes
Turn   | Place    | Note
-------+----------+-------------------------------------------
     0 | D:1      | Anno the Spriggan Assassin began the quest for the Orb.
     0 | D:1      | Reached XP level 1. HP: 10/10 MP: 2/2
   262 | D:1      | Slain by a jackal

Levels and vault maps discovered:
D:1:      eino_arrival_water_cross, layout_basic

Action                   || total
-------------------------++-------
Melee: Dagger            ||    24
Throw: Dart              ||     7
Armor: Robe              ||     1
Dodge: Dodged            ||    17

Table legend:
 A = Non-vault XP
 B = Vault XP
 C = Vault XP percentage of total XP
 D = Non-vault monster count
 E = Vault monster count
 F = Vault count percentage of total count
                 A         B        C        D         E       F
            +---------+---------+-------+---------+---------+-------
      Total |       9 |       0 |   0.0 |       5 |       0 |   0.0
            +---------+---------+-------+---------+---------+-------
        D:1 |       9 |       0 |   0.0 |       5 |       0 |   0.0
            +---------+---------+-------+---------+---------+-------
